 Dungeon Sprint DCSS version 0.21.1-1-g345015f (webtiles) character file.

1136 Psiloshibe the Carver (level 8, 0/109 (114) HPs)
             Began as a Barachi Berserker on June 25, 2018.
             Was an Elder of Trog.
             Slain by a tentacle (9 damage)
             ... attached to a kraken
             ... in the Dungeon (Sprint II: "The Violet Keep of Menkaure").
             The game lasted 00:06:30 (1015 turns).

Psiloshibe the Carver (Barachi Berserker)           Turns: 1015, Time: 00:06:30

HP:   0/109 (114)   AC:  9    Str: 25    XL:     8   Next: 36%
MP:   8/8           EV: 16    Int:  9    God:    Trog [****..]
Gold: 890           SH:  0    Dex: 11    Spells: 7/7 levels left

rFire    . . .     SeeInvis .   a - +6 scimitar (elec)
rCold    . . .     Gourm    .   (no shield)
rNeg     . . .     Faith    .   u - +0 ring mail
rPois    .         Spirit   .   (no helmet)
rElec    .         Reflect  .   (no cloak)
rCorr    .         Harm     .   v - +2 pair of gloves
MR       ++...     NoTele   +   (no boots)
Stlth    ..........             (no amulet)
HPRegen  1.28/turn              s - +3 ring of evasion
MPRegen  0.11/turn              (no ring)

@: berserking, regenerating, quick
A: +LOS, swims, slowness 1, strong legs 1
a: Hop, Berserk, Trog's Hand, Brothers in Arms, Burn Spellbooks, Renounce
Religion


You were in the Dungeon.
You worshipped Trog.
Trog was greatly pleased with you.
You were near starving.

You visited 1 branch You collected 1079 gold pieces.
You spent 189 gold pieces at shops.

Inventory:

Hand Weapons
 a - a +6 scimitar of electrocution (weapon)
Missiles
 k - 2 silver javelins (quivered)
Armour
 u - a +0 ring mail (worn)
 v - a +2 pair of gloves (worn)
Jewellery
 s - a +3 ring of evasion (left hand)
Scrolls
 i - 2 scrolls of blinking
 m - a scroll of amnesia
 r - a scroll of remove curse
Potions
 d - a potion of curing
 e - a potion of heal wounds
 f - 4 potions of haste
 g - 6 potions of magic
 h - 2 potions of berserk rage
 l - 2 potions of resistance
 p - 4 potions of flight
Comestibles
 c - 9 rations


   Skills:
 + Level 11.7 Fighting
 + Level 13.1 Long Blades
 * Level 7.8 Throwing
 + Level 6.2 Armour
 + Level 5.9 Dodging


You had 7 spell levels left.
You didn't know any spells.

Dungeon Overview and Level Annotations

Branches:
Dungeon (1/1)

Altars:
Cheibriados
Dithmenos
Elyvilon
Fedhas
Hepliaklqana
Kikubaaqudgha
Makhleb
Nemelex Xobeh
Qazlal
Ru
Sif Muna
Trog
Uskayaw
Vehumet
Wu Jian
Xom
Yredelemnul
Zin
The Shining One
Beogh
Jiyva
Lugonu

Shops:
D !!:}!=[:*?%[=[(}

Annotations:
D exclusion: oklob plant


Innate Abilities, Weirdness & Mutations

Shadows flee at your approach. (+LOS)
You can swim through water.
You cover ground slowly.
You can hop short distances.


Message History

A tentacle rises from the water!
You slice the tentacle!! Lightning courses through the tentacle!
The tentacle is almost dead.
The tentacle slaps you.
You barely miss the tentacle.
The tentacle is almost dead.
The tentacle closely misses you.
You slash the tentacle!
You kill the tentacle!
The tentacle barely misses you. The tentacle closely misses you.
You slash the tentacle! Lightning courses through the tentacle!
The tentacle is heavily wounded.
The tentacle slaps you!
* * * LOW HITPOINT WARNING * * *
The tentacle slaps you!!
* * * LOW HITPOINT WARNING * * *
You hit the tentacle.
The tentacle is heavily wounded.
The tentacle slaps you!
You die...

#.*,,#§}▓(..))(..▓▓,⌠,*,*,+≈,,≈+,
+.##.#}"▓)...[.).▓▓,,,*,*,+≈,,≈+,
*...####▓...[.[(.▓▓,,,*,*,+≈,,≈+,
*#..#*,#▓..(.((.(▓▓,,,*,*,+≈,,≈+,
,+..#,,#▓)[[.((..▓▓,,,*,*,+≈,,≈+,
,#..#,,#▓........▓▓,⌠,*,*,*≈,,≈*,
##..##.#▓[..(....▓▓,,,*,*,*≈,,≈*,
###...##▓▓▓▓▓▓▓'▓▓▓▓+▓*,***≈,,≈**
..≈≈≈≈≈≈≈≈≈≈≈≈≈(@wX≈≈▓,,,,,,,,**
..≈#+########'###w≈w≈▓,,,,,,,**
..≈#.._._._.#§§≈##≈≈≈▓,,,,,,**
≈.≈#._._._..#≈§≈≈####▓****≈**
≈≈≈#_._._._.#≈§§§§#*,,*,,*≈*
§≈≈#._._._._#§≈≈≈§§#,,*,,*≈*
≈≈≈#.._._._.#≈§§≈≈≈+,,+,,*≈*
#≈≈#..._._._#≈≈≈§§§#,,*,,*≈*
#§≈#...._._.#≈§§≈≈≈▓,,*,,*≈*


You could see a kraken and 3 tentacles.

Vanquished Creatures
  2 hippogriffs (D)
  Menkaure (D)
  4 necrophages (D)
  3 crocodiles (D)
  4 worker ants (D)
  3 worms (D)
  4 tentacles (D)
21 creatures vanquished.

Vanquished Creatures (others)
  A crocodile (D)
  16 tentacles (D)
17 creatures vanquished.

Grand Total: 38 creatures vanquished

Notes
Turn   | Place    | Note
-------+----------+-------------------------------------------
     0 | D        | Psiloshibe the Barachi Berserker began the quest for the Orb.
     0 | D        | Reached XP level 1. HP: 18/18 MP: 1/1
     1 | D        | Noticed a worker ant
     1 | D        | Noticed a worker ant
     1 | D        | Noticed a worker ant
     1 | D        | Noticed a worker ant
     3 | D        | Killed a worker ant
     3 | D        | Reached skill level 5 in Fighting
     3 | D        | Reached skill level 5 in Long Blades
     3 | D        | Reached XP level 2. HP: 27/27 MP: 2/2
     3 | D        | Reached XP level 3. HP: 33/33 MP: 3/3
     6 | D        | Reached skill level 6 in Long Blades
    12 | D        | Reached ** piety under Trog
    12 | D        | Reached XP level 4. HP: 40/40 MP: 4/4
    13 | D        | Reached skill level 7 in Long Blades
    28 | D        | Found Zaneffat's Antique Armour Shoppe.
    28 | D        | Found Fonopt's Antique Weapon Shoppe.
    28 | D        | Found Fuiket's Antique Armour Emporium.
    28 | D        | Found Acug's General Store.
    28 | D        | Found Xaenod's Jewellery Emporium.
    28 | D        | Found Ojyir's Magic Scroll Shoppe.
    28 | D        | Found Wiyqioda's Food Shoppe.
    28 | D        | Found Hoqawnypn's Book Emporium.
    29 | D        | Found Zohyublu's Armour Shoppe.
    29 | D        | Found Pomod's Jewellery Emporium.
    29 | D        | Noticed a wyvern
    30 | D        | Found Mukken's Gadget Emporium.
    30 | D        | Noticed a wyvern
    31 | D        | Found Vimoat's Gadget Emporium.
    31 | D        | Found Usewkon's Distillery.
    32 | D        | Found Tiar's Distillery.
    32 | D        | Found Xalydu Yquha's Distillery.
    32 | D        | Found Koplonem's Book Shoppe.
    32 | D        | Noticed Menkaure
    32 | D        | Noticed an oklob plant
    60 | D        | Killed Menkaure
    60 | D        | Reached skill level 9 in Long Blades
    60 | D        | Reached XP level 5. HP: 32/51 MP: 5/5
    69 | D        | Noticed an iron elemental
    72 | D        | Noticed a shining eye
    72 | D        | Noticed a shining eye
    82 | D        | Bought a glowing scimitar for 189 gold pieces
   124 | D        | Killed a crocodile
   160 | D        | Noticed a necrophage
   160 | D        | Noticed a necrophage
   160 | D        | Noticed a necrophage
   160 | D        | Noticed a necrophage
   163 | D        | Killed a necrophage
   163 | D        | Reached skill level 5 in Throwing
   163 | D        | Reached skill level 5 in Armour
   163 | D        | Reached XP level 6. HP: 53/58 MP: 6/6
   164 | D        | Killed a necrophage
   164 | D        | Reached *** piety under Trog
   164 | D        | Reached skill level 10 in Long Blades
   168 | D        | Killed a necrophage
   168 | D        | Reached skill level 10 in Fighting
   168 | D        | Reached skill level 11 in Long Blades
   168 | D        | Reached skill level 5 in Dodging
   168 | D        | Reached XP level 7. HP: 57/64 MP: 7/7
   271 | D        | Reached **** piety under Trog
   292 | D        | Noticed a hippogriff
   292 | D        | Noticed a hippogriff
   297 | D        | Killed a hippogriff
   297 | D        | Reached skill level 12 in Long Blades
   301 | D        | Killed a hippogriff
   301 | D        | Received a gift from Trog
   301 | D        | Reached XP level 8. HP: 31/72 MP: 8/8
   501 | D        | Found a roughly hewn altar of Beogh.
   502 | D        | Found a hazy altar of Hepliaklqana.
   502 | D        | Found a snail-covered altar of Cheibriados.
   503 | D        | Found a stormy altar of Qazlal.
   503 | D        | Found a viscous altar of Jiyva.
   503 | D        | Found a shadowy altar of Dithmenos.
   504 | D        | Found a sacrificial altar of Ru.
   504 | D        | Found an ancient bone altar of Kikubaaqudgha.
   504 | D        | Found a white marble altar of Elyvilon.
   505 | D        | Found a deep blue altar of Sif Muna.
   505 | D        | Found a corrupted altar of Lugonu.
   505 | D        | Found a blossoming altar of Fedhas.
   506 | D        | Found an ornate altar of the Wu Jian Council.
   506 | D        | Found a shimmering altar of Xom.
   506 | D        | Found a bloodstained altar of Trog.
   506 | D        | Found a burning altar of Makhleb.
   507 | D        | Found a glowing golden altar of the Shining One.
   507 | D        | Found a hide-covered altar of Uskayaw.
   507 | D        | Found a sparkling altar of Nemelex Xobeh.
   508 | D        | Found a basalt altar of Yredelemnul.
   508 | D        | Found a glowing silver altar of Zin.
   508 | D        | Found a radiant altar of Vehumet.
   522 | D        | Noticed a kraken
   536 | D        | Reached skill level 13 in Long Blades
   581 | D        | Reached ***** piety under Trog
   636 | D        | Found the brooch of Shielding {Reflect SH+8}
  1015 | D        | Slain by a tentacle

Skill      XL: |  1  2  3  4  5  6  7  8 |
---------------+-------------------------+-----
Fighting       | 5 6 8 9 10 11 | 11.7
Long Blades    | 5 6 9 11 12 13 | 13.1
Throwing       | 2 3 4 5 6 7 |  7.8
Armour         | 3 4 5 6 |  6.2
Dodging        | 3 4 5 |  5.9

Action                   |  1- 3 |  4- 6 |  7- 9 || total
-------------------------+-------+-------+-------++-------
Melee: Falchion          |    10 |     9 |       ||    19
       Scimitar          |       |     7 |    47 ||    54
Throw: Javelin           |       |       |     2 ||     2
Invok: Berserk           |     1 |     1 |     1 ||     3
       Trog's Hand       |       |     2 |     3 ||     5
       Brothers in Arms  |       |       |     1 ||     1
 Abil: Hop               |       |       |     2 ||     2
  Use: Scroll            |       |       |     7 ||     7
       Potion            |       |       |     1 ||     1
  Eat: Chunk             |       |       |     4 ||     4
Armor: Animal skin       |     1 |       |       ||     1
       Ring mail         |       |       |     2 ||     2
Dodge: Dodged            |     6 |     2 |    28 ||    36
       Rpst.: Falchion   |     3 |     1 |       ||     4
       Scimitar          |       |     1 |     7 ||     8
